Map: Ley Lines

Players

A.I. 1 (Very Easy) - Winner!

  • Race: Protoss Protoss
  • Spawn Location: 1:00

frugs

  • Race: Zerg Zerg
  • League: Master
  • Spawn Location: 7:00

VOD

Have the link to the VOD?

Description

Time

  • Played on: June 30, 2025, 6:10 p.m.
  • Length: 5:01
Show
View Real Time Build Order
Export as new Build Order

A.I. 1 (Very Easy) Protoss - Winner!

Build Orders:  

Get SALT Encoding   

Show
View Real Time Build Order
Export as new Build Order

frugs Zerg 

Build Orders: Hatch First 

Get SALT Encoding   

  12  0:00  Drone  
  13  0:07  Drone  
  13  0:12  Extractor  
  13  0:15  Drone  
  15  0:35  Hatchery  
  14  0:40  Extractor  
  14  0:41  Drone  
  15  0:46  Overlord  
  15  1:04  Drone x3  
  18  1:13  Spawning Pool  
  18  1:15  Drone  
  18  1:17  Extractor  
  17  1:26  Drone  
  18  1:37  Drone  
  19  1:47  Drone x2  
  21  1:59  Queen x2  
  21  2:00  Zergling x2  
  26  2:02  Overlord  
  26  2:09  Drone x2  
  28  2:22  Metabolic Boost  
  28  2:23  Drone x2  
  30  2:32  Drone  
  30  2:35  Drone, Queen  
  34  2:47  Hatchery  
  33  2:51  Overlord  
  33  2:54  Drone  
  33  2:57  Drone  
  35  3:01  Overlord  
  35  3:07  Drone  
  35  3:10  Drone x3  
  39  3:15  Drone  
  39  3:16  Drone x2  
  42  3:22  Spore Crawler  
  42  3:24  Queen  
  42  3:26  Drone  
  44  3:27  Drone  
  44  3:33  Queen  
  47  3:37  Overlord  
  47  3:41  Zergling x4  
  49  3:43  Zergling x2  
  49  3:47  Spore Crawler  
  49  3:48  Drone x2  
  49  3:54  Drone  
  52  3:56  Overlord  
  52  3:58  Drone x3  
  55  4:03  Drone x2  
  55  4:06  Drone  
  58  4:10  Drone x2  
  58  4:15  Drone  
  64  4:17  Drone x3  
  64  4:21  Overlord  
  64  4:22  Overlord  
  65  4:24  Drone  
  65  4:27  Drone x2  
  65  4:29  Drone  
  68  4:33  Drone  
  68  4:35  Roach Warren  
  68  4:39  Extractor  
  68  4:40  Extractor  
  68  4:41  Drone x2  
  68  4:43  Extractor  
  68  4:45  Drone x3  
  69  4:46  Drone  
  69  4:47  Evolution Chamber  
  74  4:59  Extractor  
  77  5:00  Extractor  
Tags
 
League
Master
Matchup
PvZ
Spawn Locations
Cross Positions
Add a new tag
Caveats
  • Supply blocks, unpowered buildings, or Contaminate may cause inaccurate times.
  • Supply counts are checked every 10 seconds.